 Dungeon Crawl Stone Soup version 0.29-a0-1043-g569b05d6ff (webtiles) character file.

Game seed: 7397517417014733849

82 purpskrrrp the Trooper (level 4, 0/38 HPs)
             Began as a Demigod Fighter on Aug 15, 2022.
             Slain by Terence
             ... wielding a +2 flail of protection
              (4 damage)
             ... on level 3 of the Dungeon.
             The game lasted 00:05:52 (2579 turns).

purpskrrrp the Trooper (Demigod Fighter)            Turns: 2579, Time: 00:05:54

Health: 0/38       AC:  6    Str: 21    XL:     4   Next: 1%
Magic:  6/6        EV:  9    Int: 10    God:
Gold:   123        SH:  9    Dex: 13    Spells: 3/3 levels left

rFire   . . .      SeeInvis .   a - +1 flail
rCold   . . .      Faith    .   c - +0 buckler
rNeg    . . .      Spirit   .   b - +0 scale mail
rPois   .          Reflect  +   (no helmet)
rElec   .          Harm     .   (no cloak)
rCorr   .          Rampage  .   (no gloves)
Will    .....                   (no boots)
Stlth   ..........              m - amulet of reflection
HPRegen 0.12/turn               (no ring)
MPRegen 0.10/turn               (no ring)

@: no status effects
A: high MP 1, forlorn, divine attributes
a: no special abilities


You were on level 3 of the Dungeon.
You visited 1 branch of the dungeon, and saw 3 of its levels.

You collected 123 gold pieces.

Inventory:

Hand Weapons
 a - a +1 flail (weapon)
Armour
 b - a +0 scale mail (worn)
 c - a +0 buckler (worn)
Jewellery
 m - an amulet of reflection (around neck)
Scrolls
 k - a scroll of noise
Potions
 f - 2 potions of mutation {unknown}
 h - a potion of resistance {unknown}
 j - a potion of heal wounds {unknown}
 l - a potion of curing {unknown}


   Skills:
 + Level 3.2 Fighting
 + Level 2.3 Maces & Flails
 + Level 3.1 Armour
 + Level 1.3 Dodging
 + Level 3.1 Shields


You had 3 spell levels left.
You didn't know any spells.
Your spell library contained the following spells:

 Spells                   Type           Power      Damage    Failure   Level
 Gell's Gravitas          Tloc           0%         N/A       99%         3
 Lesser Beckoning         Tloc           0%         N/A       99%         3
 Teleport Other           Tloc           0%         N/A       99%         3


Dungeon Overview and Level Annotations

Branches:
Dungeon (3/15)

Annotations:
D:3 Terence


Innate Abilities, Weirdness & Mutations

You have an increased reservoir of magic. (+10% MP)
You shall have no god before yourself.
Your divine heritage dramatically boosts your attributes as you level up.


Message History

You are too injured to fight recklessly!
You are too injured to fight recklessly!
You are too injured to fight recklessly!
You are too injured to fight recklessly!
You are too injured to fight recklessly!
Hit: a) +1 flail
Press: ? - help, Dir - move target, f - Terence
Aim: Terence, wielding a +2 flail of protection and wearing a +0 chain mail (lightly wounded, about 35% to evade your +1 flail)
You hit Terence but do no damage.
Terence is lightly wounded.
Terence barely misses you.
Terence hits you with a +2 flail of protection.
Hit: a) +1 flail
Press: ? - help, Dir - move target, f/p - Terence
Aim: Terence, wielding a +2 flail of protection and wearing a +0 chain mail (lightly wounded, about 35% to evade your +1 flail)
You closely miss Terence.
Terence is lightly wounded.
Terence hits you with a +2 flail of protection.
* * * LOW HITPOINT WARNING * * *
Hit: a) +1 flail
Press: ? - help, Dir - move target, f/p - Terence
Aim: Terence, wielding a +2 flail of protection and wearing a +0 chain mail (lightly wounded, about 35% to evade your +1 flail)
You hit Terence but do no damage.
Terence is lightly wounded.
You block Terence's attack.
Hit: a) +1 flail
Press: ? - help, Dir - move target, f/p - Terence
Aim: Terence, wielding a +2 flail of protection and wearing a +0 chain mail (lightly wounded, about 35% to evade your +1 flail)
You hit Terence.
Terence is moderately wounded.
Terence barely misses you.
Terence hits you with a +2 flail of protection.
* * * LOW HITPOINT WARNING * * *
Hit: a) +1 flail
Press: ? - help, Dir - move target, f/p - Terence
Aim: Terence, wielding a +2 flail of protection and wearing a +0 chain mail (moderately wounded, about 35% to evade your +1 flail)
You barely miss Terence.
Terence is moderately wounded.
Terence hits you with a +2 flail of protection.
You die...

#.......$.........
#####..#.....#........
......................
##>#......#####.......
#.....## #.....(.
#....#..## ##.......
#...##...#####.......#
.##...##@#...##..##@..##
.....##@..##.....#....#.
#.....<..........#..##
.....#.<..........##...#
..##...###.##........#..
#..# #.#...###...... #..
#......##....... #.#
#..#####.....### ..
#.... #........ ##.
#...^^ #.....###


You could see Terence.

Vanquished Creatures
  3 adders (D:2)
  A dart slug (D:2)
  An orc (D:3)
  2 ball pythons
  5 bats
  3 endoplasms
  2 giant cockroaches
  5 hobgoblins
  2 jackals
  7 kobolds
  5 quokkas
  5 frilled lizards
  2 goblins
  5 rats
48 creatures vanquished.

Notes
Turn   | Place    | Note
-------+----------+-------------------------------------------
     0 | D:1      | purpskrrrp the Demigod Fighter began the quest for the Orb.
     0 | D:1      | Reached XP level 1. HP: 18/18 MP: 3/3
   444 | D:1      | Reached XP level 2. HP: 25/25 MP: 4/4
   666 | D:1      | Noticed a Tzitzimitl
  1056 | D:2      | Reached skill level 1 in Dodging
  1056 | D:2      | Reached XP level 3. HP: 29/31 MP: 5/5
  1885 | D:3      | Noticed Terence
  1910 | D:2      | Reached XP level 4. HP: 4/38 MP: 6/6
  2579 | D:3      | Slain by Terence

Illustrated notes

Levels and vault maps discovered:
D:1:      zaba_arrival_water, layout_basic,
          dreamdust_ecumenical_altar_sealed_demon, minmay_small_reverse_x
D:2:      layout_basic
D:3:      minmay_roachtagon, layout_rooms, nemelex_dance_club_becter,
          overflow_temple_1_default, serial_curves, eino_curves_01,
          eino_curves_02, nicolae_wormholes, uniq_terence

Skill      XL: |  1  2 |
---------------+-------+-----
Maces & Flails | 2 |  2.3
Fighting       | 3 |  3.2
Armour         | 3 |  3.1
Dodging        | 1 |  1.3
Shields        | 3 |  3.1

Action                   |  1- 3 |  4- 6 || total
-------------------------+-------+-------++-------
Melee: Flail             |   136 |    22 ||   158
       Unarmed           |     5 |     6 ||    11
  Use: Potion            |     2 |     1 ||     3
       Scroll            |       |     5 ||     5
Armor: Scale mail        |    74 |     1 ||    75
Dodge: Dodged            |   100 |    10 ||   110
Block: Buckler           |    53 |    10 ||    63
       Other             |       |     1 ||     1

Table legend: (Time is in decaauts)
 A = Elapsed time spent in this place.
 B = Non-inter-level travel time spent in this place.
 C = Inter-level travel time spent in this place.
 D = Time resting spent in this place.
 E = Time spent auto-exploring this place.
 F = Levels seen in this place.
 G = Mean time per level.
                   A        B        C        D        E       F      G
               +--------+--------+--------+--------+--------+-----+--------+
         Total |   2623 |   2593 |     30 |    824 |   1335 |   3 |  874.3 |
       Dungeon |   2623 |   2593 |     30 |    824 |   1335 |   3 |  874.3 |
               +--------+--------+--------+--------+--------+-----+--------+

Top non-repeatable levels by time:
     D:2: 1557 daAuts
     D:1: 736 daAuts
     D:3: 329 daAuts
